 Dungeon Crawl Stone Soup version 0.24.0-1-gfbc8707122 (webtiles) character file.

Game seed: 13885713362315544045, levelgen mode: deterministic

2808 Granthy the Thaumaturge (level 9, -4/66 HPs)
             Began as a Gnoll Wizard on Oct 28, 2019.
             Was a Believer of Sif Muna.
             Slain by a killer bee (5 damage)
             ... on level 8 of the Dungeon.
             The game lasted 00:35:28 (10063 turns).

Granthy the Thaumaturge (Gnoll Wizard)             Turns: 10063, Time: 00:35:28

Health: -4/66      AC:  3    Str: 11    XL:     9   Next: 72%
Magic:  30/30      EV: 15    Int: 29    God:    Sif Muna [**....]
Gold:   179        SH:  0    Dex: 13    Spells: 13/25 levels left

rFire    . . .     SeeInvis .   P - +6 scythe "Bung" {elec, *Contam rElec rC+ Int+6}
rCold    + + .     Gourm    .   (shield currently unavailable)
rNeg     . . .     Faith    +   M - +0 leather armour
rPois    .         Spirit   .   b - +0 hat
rElec    +         Reflect  .   (no cloak)
rCorr    .         Harm     .   (no gloves)
MR       .....                  (no boots)
Stlth    +++.......             s - amulet of faith
HPRegen  0.21/turn              i - ring of magical power
MPRegen  0.22/turn              v - ring of protection from cold

@: lethally poisoned (-4 -> -16), about to teleport
A: distributed training, fangs 1, strong nose
a: Channel Magic, Renounce Religion


You were on level 8 of the Dungeon.
You worshipped Sif Muna.
Sif Muna was pleased with you.
You were not hungry.

You visited 2 branches of the dungeon, and saw 10 of its levels.

You collected 371 gold pieces.
You spent 192 gold pieces at shops.

Inventory:

Hand Weapons
 j - a +0 short sword
 k - a +0 short sword of draining
 z - a +6 dire flail of protection
 J - a +1 shortbow of velocity
 P - the +6 scythe "Bung" (weapon) {elec, *Contam rElec rC+ Int+6}
   (You bought it in a shop on level 7 of the Dungeon)

   Occasionally, upon striking a foe, it will discharge some electrical energy
   and cause terrible harm.
   It affects your intelligence (+6).
   It protects you from cold.
   It insulates you from electricity.
   It causes magical contamination when unequipped.
 Q - the cursed +0 quarterstaff "Voril" {antimagic, rN++ MR+++ Str-5 SInv, unknown}
   (You found it on level 7 of the Dungeon)

   It reduces the magical energy of the wielder, and disrupts the spells and
   magical abilities of those hit.
   Natural abilities and divine invocations are not affected.
   It affects your strength (-5).
   It greatly protects you from negative energy.
   It affects your resistance to hostile enchantments.
   It lets you see invisible.
   It has a curse placed upon it.
Missiles
 f - 21 bolts
 K - 92 arrows
Armour
 a - a +0 robe
 b - a +0 hat (worn)
 D - the +7 scale mail of the Swamp {MR+ Slay+3}
   (You found it on level 6 of the Dungeon)

   It affects your accuracy and damage with ranged weapons and melee attacks
   (+3).
   It affects your resistance to hostile enchantments.
 F - the +1 scale mail of Depression {-Cast rPois Str+4}
   (You found it on level 6 of the Dungeon)

   It affects your strength (+4).
   It protects you from poison.
   It prevents spellcasting.
 M - a +0 leather armour (worn)
Magical Staves
 A - an uncursed staff of death
 H - an uncursed staff of cold
Jewellery
 i - a ring of magical power (left hand)
 p - a cursed amulet of guardian spirit {unknown}
 s - an amulet of faith (around neck)
 u - an uncursed ring of magical power
 v - a ring of protection from cold (right hand)
Wands
 y - a wand of paralysis (10)
 I - a wand of digging (8)
Scrolls
 h - 4 scrolls of enchant weapon
 l - 3 scrolls of teleportation
 m - a scroll of immolation
 o - a scroll of magic mapping {unknown}
 q - a scroll of amnesia {unknown}
 r - a scroll of identify {unknown}
 x - a scroll of fear {unknown}
 C - 3 scrolls of remove curse
 G - a scroll of blinking {unknown}
 O - a scroll of vulnerability {unknown}
Potions
 c - 2 potions of heal wounds {unknown}
 e - 5 potions of might {unknown}
 g - 2 potions of curing {unknown}
 n - 5 potions of haste {unknown}
 t - 2 potions of lignification {unknown}
 w - a potion of ambrosia {unknown}
 B - 2 potions of magic {unknown}
 E - 3 potions of agility {unknown}
 L - a potion of degeneration {unknown}
Comestibles
 d - 12 rations


   Skills:
 + Level 4.4 Fighting
 + Level 4.4 Short Blades
 + Level 4.4 Long Blades
 + Level 4.4 Axes
 + Level 4.4 Maces & Flails
 + Level 4.4 Polearms
 + Level 4.4 Staves
 + Level 4.4 Slings
 + Level 4.4 Bows
 + Level 4.4 Crossbows
 + Level 4.4 Throwing
 + Level 4.4 Armour
 + Level 6.4 Dodging
 + Level 6.2 Stealth
 + Level 4.4 Shields
 + Level 4.4 Unarmed Combat
 + Level 8.5 Spellcasting
 + Level 4.3 Conjurations
 + Level 3.6 Hexes
 + Level 3.6 Charms
 + Level 4.3 Summonings
 + Level 3.6 Necromancy
 + Level 4.3 Translocations
 + Level 3.6 Transmutations
 + Level 3.6 Fire Magic
 + Level 3.6 Ice Magic
 + Level 3.6 Air Magic
 + Level 3.6 Earth Magic
 + Level 3.6 Poison Magic
 + Level 4.9 Invocations
 + Level 4.4 Evocations


You had 13 spell levels left.
You knew the following spells:

 Your Spells              Type           Power        Failure   Level  Hunger
a - Magic Dart            Conj           ####         1%          1    None
b - Call Imp              Summ           #####...     1%          2    None
c - Mephitic Cloud        Conj/Pois/Air  ####....     3%          3    None
d - Conjure Flame         Conj/Fire      #####...     3%          3    None
e - Spider Form           Tmut/Pois      ####......   3%          3    None

Your spell library contained the following spells:

 Spells                   Type           Power        Failure   Level  Hunger
 Beastly Appendage        Tmut           ####..       1%          1    None
 Blink                    Tloc           N/A          1%          2    None
 Slow                     Hex            ####....     1%          2    None
 Sticks to Snakes         Tmut           ####....     1%          2    None
 Ice Form                 Ice/Tmut       ####....     12%         4    #......
 Blade Hands              Tmut           ####......   34%         5    ####...


Dungeon Overview and Level Annotations

Branches:
Dungeon (9/15)             Temple (1/1) D:4
   Lair: D:8-11         Orc: D:9-12

Altars:
Ashenzari
Cheibriados
Dithmenos
Elyvilon
Fedhas
Gozag
Hepliaklqana
Kikubaaqudgha
Makhleb
Nemelex Xobeh
Okawaru
Qazlal
Ru
Sif Muna
Trog
Uskayaw
Vehumet
Wu Jian
Xom
Yredelemnul
Zin
The Shining One

Shops:
D:5 :   D:7 (


Innate Abilities, Weirdness & Mutations

Your experience applies equally to all skills.
You have very sharp teeth.
Your uncanny sense of smell can sniff out nearby items.


Message History

You feel sick.
The killer bee stings you but does no damage.
The orc barely misses you. The killer bee closely misses you.
Your surroundings suddenly seem different.
You feel sick.
A killer bee comes into view.
As you read the scroll of teleportation, it crumbles to dust.
You feel strangely unstable.
You feel sick.
The orc throws a boomerang.
The boomerang completely misses you.
The weapon returns to the orc!
The killer bee closely misses you.
A killer bee comes into view.
The killer bee barely misses you. The killer bee stings you!
* * * LOW HITPOINT WARNING * * *
You are lethally poisoned!
The killer bee poisons you! The killer bee stings you!
* * * LOW HITPOINT WARNING * * *
The killer bee moves out of view.
* * * LOW HITPOINT WARNING * * *
You feel sick. The killer bee stings you.
You die...

..yy..#####.# ..
#..)....# .....#..######
∆ .........#..# ∆
#..............# #
##........#.###.?...
.##....y.......######.
#.#..............###
#..............y@..##..
...........O...yy.......
...................###..
.................###
.................#
......#......#o..##
.####.#####...o.o.## ..#
#......... .##
##.......#


You could see an orc warrior, an ogre, 3 killer bees and 2 orcs.

Vanquished Creatures
  Pikel (D:6)
  A slime creature (D:7)
  A hungry ghost (D:6)
  A sky beast (D:6)
  3 slaves (D:6)
  A phantom (D:5)
  2 centaurs (D:7)
  An ogre (D:5)
  4 big kobolds (D:7)
  A bullfrog (D:6)
  A killer bee (D:9)
  2 crimson imps (D:6)
  3 hounds
  2 bullfrog zombies (D:7)
  An orc priest (D:7)
  3 jellies (D:7)
  A gnoll shaman (D:6)
  A centaur skeleton (D:5)
  An orc wizard (D:7)
  A bullfrog skeleton (D:5)
  4 iguanas
  A worker ant (D:5)
  A killer bee zombie (D:6)
  4 gnolls (D:6)
  An adder (D:4)
  A howler monkey skeleton (D:4)
  2 oozes (D:7)
  An adder skeleton (D:6)
  A worm (D:4)
  A dart slug (D:1)
  A leopard gecko (D:4)
  4 orcs
  3 ball pythons
  3 bats
  4 giant cockroaches
  6 goblins
  5 hobgoblins
  3 jackals (D:4)
  4 quokkas
  3 frilled lizards
  3 jackal skeletons
  5 kobolds
  A quokka skeleton (D:4)
  6 rats
  A plant (D:1)
101 creatures vanquished.

Vanquished Creatures (collateral kills)
  A slime creature (D:7)
  Edmund (D:4)
  Duvessa (D:4)
  An orc warrior (D:7)
  2 ogres
  A phantom (D:4)
  Dowan (D:4)
  A crimson imp (D:5)
  A hound (D:4)
  2 iguanas (D:4)
  A worker ant (D:4)
  6 adders
  2 oozes (D:7)
  A dart slug (D:3)
  A leopard gecko (D:1)
  2 orcs
  A bat (D:2)
  A giant cockroach (D:3)
  2 goblins
  2 hobgoblins (D:2)
  2 jackals (D:3)
  A frilled lizard (D:2)
  2 kobolds (D:2)
  A fungus (D:7)
37 creatures vanquished.

Vanquished Creatures (others)
  A scorpion (D:4)
  An iguana (D:4)
  A worker ant (D:4)
  An adder (D:4)
  A fungus (D:7)
  11 toadstools (D:7)
16 creatures vanquished.

Grand Total: 154 creatures vanquished

Notes
Turn   | Place    | Note
-------+----------+-------------------------------------------
     0 | D:1      | Granthy the Gnoll Wizard began the quest for the Orb.
     0 | D:1      | Reached XP level 1. HP: 13/13 MP: 8/8
   365 | D:1      | Reached XP level 2. HP: 19/19 MP: 7/10
   588 | D:1      | Learned a level 2 spell: Call Imp
  1713 | D:2      | Reached XP level 3. HP: 25/25 MP: 5/11
  2040 | D:2      | Reached skill level 1 in Invocations
  2522 | D:2      | Reached skill level 1 in Fighting
  2522 | D:2      | Reached skill level 1 in Short Blades
  2522 | D:2      | Reached skill level 1 in Long Blades
  2522 | D:2      | Reached skill level 1 in Axes
  2522 | D:2      | Reached skill level 1 in Maces & Flails
  2522 | D:2      | Reached skill level 1 in Polearms
  2522 | D:2      | Reached skill level 1 in Staves
  2522 | D:2      | Reached skill level 1 in Slings
  2522 | D:2      | Reached skill level 1 in Bows
  2522 | D:2      | Reached skill level 1 in Crossbows
  2522 | D:2      | Reached skill level 1 in Throwing
  2522 | D:2      | Reached skill level 1 in Armour
  2522 | D:2      | Reached skill level 1 in Shields
  2522 | D:2      | Reached skill level 1 in Unarmed Combat
  2522 | D:2      | Reached skill level 1 in Evocations
  2589 | D:2      | Found a white marble altar of Elyvilon.
  2647 | D:2      | Learned a level 3 spell: Mephitic Cloud
  2822 | D:3      | Reached XP level 4. HP: 32/32 MP: 7/13
  2833 | D:3      | Found a shadowy altar of Dithmenos.
  3371 | D:3      | Found a stormy altar of Qazlal.
  3372 | D:3      | Noticed a fire elemental
  3374 | D:3      | Noticed an earth elemental
  3374 | D:3      | Noticed an air elemental
  3374 | D:3      | Noticed a water elemental
  3967 | D:3      | Learned a level 3 spell: Conjure Flame
  4011 | D:4      | Reached skill level 1 in Hexes
  4011 | D:4      | Reached skill level 1 in Charms
  4011 | D:4      | Reached skill level 1 in Necromancy
  4011 | D:4      | Reached skill level 1 in Transmutations
  4011 | D:4      | Reached skill level 1 in Fire Magic
  4011 | D:4      | Reached skill level 1 in Ice Magic
  4011 | D:4      | Reached skill level 1 in Air Magic
  4011 | D:4      | Reached skill level 1 in Earth Magic
  4011 | D:4      | Reached skill level 1 in Poison Magic
  4037 | D:4      | Found a staircase to the Ecumenical Temple.
  4049 | Temple   | Entered the Ecumenical Temple
  4407 | Temple   | Became a worshipper of Sif Muna the Loreminder
  4495 | D:4      | Noticed an ogre
  4506 | D:4      | Killed an ogre
  4506 | D:4      | Reached XP level 5. HP: 37/37 MP: 14/14
  4513 | D:4      | Noticed a phantom
  4606 | D:4      | Killed a phantom
  4606 | D:4      | Reached XP level 6. HP: 35/44 MP: 16/16
  4727 | D:4      | Noticed Edmund
  4760 | D:4      | Killed Edmund
  4760 | D:4      | Reached skill level 5 in Dodging
  4868 | D:4      | Found a hide-covered altar of Uskayaw.
  4871 | D:4      | Noticed Dowan
  4877 | D:4      | Noticed Duvessa
  4882 | D:4      | Killed Dowan
  4903 | D:4      | Killed Duvessa
  4903 | D:4      | Reached XP level 7. HP: 44/50 MP: 18/18
  5105 | D:4      | Found a shimmering altar of Xom.
  5219 | D:5      | Entered Level 5 of the Dungeon
  5242 | D:5      | Reached * piety under Sif Muna
  5730 | D:4      | Learned a level 3 spell: Spider Form
  6114 | D:5      | Found a hazy altar of Hepliaklqana.
  6217 | D:5      | Reached skill level 5 in Stealth
  6634 | D:5      | Found a shattered altar of Ashenzari.
  6682 | D:5      | Found Riwopat's Book Shop.
  6784 | D:6      | Got an ancient scale mail
  6795 | D:6      | Identified the +7 scale mail of the Swamp {MR+ Slay+3} (You
                  | found it on level 6 of the Dungeon)
  6906 | D:6      | Reached XP level 8. HP: 54/57 MP: 19/19
  7134 | D:6      | Noticed Pikel
  7144 | D:6      | Killed Pikel
  7144 | D:6      | Reached skill level 8 in Spellcasting
  7384 | D:6      | Got a turquoise-encrusted scale mail
  7395 | D:6      | Identified the cursed +1 scale mail of Depression {-Cast
                  | rPois Str+4} (You found it on level 6 of the Dungeon)
  7724 | D:6      | Found a burning altar of Makhleb.
  7724 | D:6      | Found a radiant altar of Vehumet.
  7735 | D:6      | Reached XP level 9. HP: 65/65 MP: 21/21
  8258 | D:7      | Reached ** piety under Sif Muna
  8843 | D:7      | Found Loulol's Antique Weapon Boutique.
  8907 | D:7      | Bought a blackened scythe for 192 gold pieces
  8907 | D:7      | Identified the +6 scythe "Bung" {elec, *Contam rElec rC+
                  | Int+6} (You bought it in a shop on level 7 of the Dungeon)
  9051 | D:7      | Got an ichor-stained quarterstaff
  9121 | D:7      | HP: 2/65 [slime creature (20)]
  9921 | D:8      | Found a blossoming altar of Fedhas.
 10062 | D:8      | HP: 3/66 [killer bee (8)]
 10063 | D:8      | HP: 1/66 [poisoned by a killer bee]
 10063 | D:8      | Slain by a killer bee

Levels and vault maps discovered:
D:1:      beargit_arrival_greenhouse, layout_basic, serial_forest,
          infiniplex_forest_3_way, infiniplex_forest_clump_double,
          infiniplex_forest_end_2, infiniplex_forest_join,
          infiniplex_forest_end_3, infiniplex_forest_clump_small,
          infiniplex_forest_clump_curved, hangedman_abyss_or_decor_stabs
D:2:      layout_basic, nicolae_overflow_hidden_temple, first_ration
D:3:      layout_basic, nicolae_qazlal_style_of_elements,
          nicolae_dithmenos_shadow_blocks, minmay_misc_feat_five
D:4:      layout_cave_pools, xom_confusion_cloud,
          eat_drink_and_be_merry_uskayaw, minmay_temple_entry_overgrown,
          uniq_duvessa, uniq_edmund
D:5:      layout_basic, cheibrodos_ashenzari_chains, lemuel_doored_altar,
          serial_shops, kennysheep_mini
D:6:      layout_loops_ring, grunt_temple_overflow_lords_of_destruction,
          uniq_pikel
D:7:      cheibrodos_fertilizer, layout_rooms, serial_shops, shop
D:8:      layout_rooms, david_nohive_1, chequers_serial_rivers_micro_e,
          fedhas_bush_and_centaur_altar
D:9:      layout_basic, orc_0_dummy, gammafunk_ghost_wrathful_warriors
Temple:   minmay_temple_forest_path

Skill      XL: |  1  2  3  4  5  6  7  8  9 |
---------------+----------------------------+-----
Conjurations   | 2 3 4 |  4.3
Summonings     | 2 3 4 |  4.3
Translocations | 2 3 4 |  4.3
Invocations    | 1 2 3 4 |  4.9
Fighting       | 1 2 3 4 |  4.4
Short Blades   | 1 2 3 4 |  4.4
Long Blades    | 1 2 3 4 |  4.4
Axes           | 1 2 3 4 |  4.4
Maces & Flails | 1 2 3 4 |  4.4
Polearms       | 1 2 3 4 |  4.4
Staves         | 1 2 3 4 |  4.4
Slings         | 1 2 3 4 |  4.4
Bows           | 1 2 3 4 |  4.4
Crossbows      | 1 2 3 4 |  4.4
Throwing       | 1 2 3 4 |  4.4
Armour         | 1 2 3 4 |  4.4
Shields        | 1 2 3 4 |  4.4
Unarmed Combat | 1 2 3 4 |  4.4
Evocations     | 1 2 3 4 |  4.4
Hexes          | 1 2 3 |  3.6
Charms         | 1 2 3 |  3.6
Necromancy     | 1 2 3 |  3.6
Transmutations | 1 2 3 |  3.6
Fire Magic     | 1 2 3 |  3.6
Ice Magic      | 1 2 3 |  3.6
Air Magic      | 1 2 3 |  3.6
Earth Magic    | 1 2 3 |  3.6
Poison Magic   | 1 2 3 |  3.6
Dodging        | 5 6 |  6.4
Stealth        | 5 6 |  6.2
Spellcasting   | 8 |  8.5

Action                   |  1- 3 |  4- 6 |  7- 9 || total
-------------------------+-------+-------+-------++-------
Melee: Unarmed           |   287 |       |    34 ||   321
       Bite              |    51 |     4 |    15 ||    70
       Punch             |     2 |       |       ||     2
       Short sword       |    21 |    37 |       ||    58
       Dire flail        |       |     3 |   193 ||   196
       Scythe            |       |       |    38 ||    38
       Staff             |       |       |     7 ||     7
 Cast: Magic Dart        |    33 |    29 |    41 ||   103
       Call Imp          |    27 |    22 |    32 ||    81
       Mephitic Cloud    |     1 |     8 |     8 ||    17
       Spider Form       |       |       |     4 ||     4
  Use: Scroll            |       |       |     8 ||     8
 Stab: Sleeping          |     3 |     3 |     2 ||     8
       Confused          |       |     3 |     2 ||     5
       Distracted        |       |       |     3 ||     3
  Eat: Chunk             |     3 |     6 |     9 ||    18
       Ration            |     1 |       |     3 ||     4
Armor: Robe              |     5 |     1 |    16 ||    22
       Scale mail        |       |       |    85 ||    85
       Leather armour    |       |       |     7 ||     7
Dodge: Dodged            |    41 |    23 |   224 ||   288
